 Dungeon Crawl Stone Soup version 0.29-a0-885-gb26ba3297d (webtiles) character file.

Game seed: 4828571467465236809

119198 Turgor the Severer (level 16, -1/127 HPs)
             Began as a Demonspawn Gladiator on July 19, 2022.
             Was a Follower of Yredelemnul.
             Shot with an arrow by a naga sharpshooter (9 damage)
             ... led by Vashnia
             ... on level 2 of the Snake Pit on July 20, 2022.
             The game lasted 03:27:07 (25773 turns).

Turgor the Severer (Demonspawn Gladiator)          Turns: 25773, Time: 03:27:10

Health: -1/127     AC: 18    Str: 15    XL:     16   Next: 27%
Magic:  28/36      EV: 14    Int: 19    God:    Yredelemnul [*.....]
Gold:   1310       SH:  0    Dex: 20    Spells: 13/30 levels left

rFire   . . .      SeeInvis +   M - +6 battleaxe of Infection {vamp, Int+3}
rCold   . . .      Faith    +   (shield currently unavailable)
rNeg    . . .      Spirit   .   c - +2 chain mail {rPois}
rPois   +          Reflect  .   m - +1 helmet
rElec   .          Harm     .   (cloak unavailable)
rCorr   .          Rampage  .   Y - +0 pair of gloves
Will    ++...                   h - +0 pair of boots of the Ward {Dex+4}
Stlth   ..........              B - amulet of faith
HPRegen 2.31/turn               R - ring "Qaleecar" {rPois MP+9 SInv}
MPRegen 0.25/turn               s - +4 ring of slaying

@: no status effects
A: repulsion field 2, powered by death 3, spiny 2, demonic willpower, weakness
stinger 3
a: Renounce Religion, Recall Undead Harvest


You were on level 2 of the Snake Pit.
You worshipped Yredelemnul.
Yredelemnul was pleased with you.
You visited 4 branches of the dungeon, and saw 24 of its levels.
You also visited: Bailey and Gauntlet.

You collected 3161 gold pieces.
You spent 1851 gold pieces at shops.

Inventory:

Hand Weapons
 e - the +6 hand axe "Pouhengiju" {elec, +Blink rElec rC+ Str-3}
   (You found it on level 1 of the Lair of Beasts)

   It occasionally discharges a powerful burst of electricity upon striking a
   foe.
   Str:       It affects your strength (-3).
   rC:        It protects you from cold.
   rElec:     It insulates you from electricity.
   +Blink:    It lets you blink.
 M - the +6 battleaxe of Infection (weapon) {vamp, Int+3}
   (You bought it in a shop on level 8 of the Dungeon)

   It occasionally heals its wielder for a portion of the damage dealt when it
   wounds a living foe.
   Int:       It affects your intelligence (+3).
Missiles
 b - 7 javelins
 d - 4 throwing nets
 j - 49 poisoned darts (quivered)
 W - 2 curare-tipped darts
Armour
 c - a +2 chain mail of poison resistance (worn)
 h - the +0 pair of boots of the Ward (worn) {Dex+4}
   (You bought it in a shop on level 2 of the Orcish Mines)

   Dex:       It affects your dexterity (+4).
 m - a +1 helmet (worn)
 Y - a +0 pair of gloves (worn)
Jewellery
 s - a +4 ring of slaying (right hand)
 B - an amulet of faith (around neck)
 L - the ring "Tuckasabb" {rC+ rN+ Dex+6}
   (You acquired it on level 10 of the Dungeon)

   [ring of dexterity]

   Dex:       It affects your dexterity (+6).
   rC:        It protects you from cold.
   rN:        It protects you from negative energy.
 R - the ring "Qaleecar" (left hand) {rPois MP+9 SInv}
   (You found it in a Gauntlet)

   [ring of see invisible]

   rPois:     It protects you from poison.
   MP:        It affects your magic capacity (+9).
   SInv:      It lets you see invisible.
Wands
 f - a wand of charming (5)
 z - a wand of iceblast (18)
 A - a wand of mindburst (37)
 C - a wand of light (8)
 U - a wand of digging (24)
Scrolls
 i - 4 scrolls of magic mapping
 q - 5 scrolls of fear
 r - 7 scrolls of teleportation
 u - 5 scrolls of fog
 v - 2 scrolls of poison {unknown}
 E - a scroll of torment {unknown}
 J - 4 scrolls of summoning
 P - 6 scrolls of blinking {unknown}
 S - a scroll of silence {unknown}
 T - 2 scrolls of amnesia {unknown}
Potions
 a - a potion of resistance
 n - 5 potions of mutation
 p - 2 potions of flight
 t - 3 potions of magic
 w - 3 potions of invisibility
 x - 7 potions of heal wounds
 D - 4 potions of haste
 F - 2 potions of might
 G - 12 potions of curing
 H - 2 potions of brilliance
 I - a potion of berserk rage
 V - a potion of ambrosia
 X - a potion of cancellation
Miscellaneous
 k - a lightning rod (4/4)
 O - a phantom mirror


   Skills:
 + Level 12.2 Fighting
 * Level 15.8 Axes
 - Level 6.0 Throwing
 + Level 9.5 Armour
 + Level 9.6 Dodging
 * Level 7.7 Spellcasting
 - Level 3.9 Necromancy
 * Level 7.7 Translocations
 - Level 12.0 Invocations


You had 13 spell levels left.
You knew the following spells:

 Your Spells              Type           Power      Damage    Failure   Level
a - Poisonous Vapours     Pois/Air       14%        N/A       87%         2
b - Blink                 Tloc           72%        N/A       8%          2
c - Manifold Assault      Tloc           36%        N/A       80%         5
d - Infestation           Necr           11%        N/A       100%        8

Your spell library contained the following spells:

 Spells                   Type           Power      Damage    Failure   Level
 Gell's Gravitas          Tloc           36%        N/A       16%         3
 Lesser Beckoning         Tloc           36%        N/A       16%         3
 Teleport Other           Tloc           36%        N/A       16%         3
 Portal Projectile        Hex/Tloc       44%        N/A       58%         3
 Magic Dart               Conj           28%        1d4       75%         1
 Call Imp                 Summ           7%         N/A       87%         2
 Ensorcelled Hibernation  Hex/Ice        14%        N/A       87%         2
 Searing Ray              Conj           14%        2d5       87%         2
 Iskenderun's Mystic Bla  Conj/Tloc      22%        2d6       94%         4
 Call Canine Familiar     Summ           7%         N/A       98%         3
 Dazzling Flash           Conj/Hex       14%        N/A       98%         3
 Frozen Ramparts          Ice            14%        1d3       98%         3
 Mephitic Cloud           Conj/Pois/Air  7%         N/A       98%         3
 Spider Form              Tmut/Pois      7%         N/A       98%         3
 Tukima's Dance           Hex            7%         N/A       98%         3
 Anguish                  Hex/Necr       7%         N/A       99%         4
 Corpse Rot               Necr/Pois/Air  12%        N/A       100%        4
 Fulminant Prism          Conj/Hex       3%         3d6       100%        4
 Ice Form                 Ice/Tmut       7%         N/A       100%        4
 Leda's Liquefaction      Hex/Erth       3%         N/A       100%        4
 Summon Ice Beast         Ice/Summ       7%         N/A       100%        4
 Blade Hands              Tmut           3%         N/A       100%        5
 Fireball                 Conj/Fire      3%         3d4       100%        5
 Irradiate                Conj/Tmut      3%         3d12      100%        5
 Conjure Ball Lightning   Conj/Air       3%         3x3d6     100%        6
 Starburst                Conj/Fire      3%         6d3       100%        6
 Dragon Form              Tmut           3%         N/A       100%        7
 Borgnjor's Revivificati  Necr           11%        N/A       100%        8
 Discord                  Hex            3%         N/A       100%        8
 Disjunction              Tloc           18%        N/A       100%        8
 Ignition                 Fire           3%         3d4       100%        8
 Necromutation            Tmut/Necr      7%         N/A       100%        8
 Death Channel            Necr           Unusable   N/A       N/A         6
 Simulacrum               Ice/Necr       Unusable   N/A       N/A         6

Dungeon Overview and Level Annotations

Branches:
Dungeon (15/15)            Temple (0/1) D:4            Lair (5/5) D:10
  Swamp (0/4) Lair:3        Snake (2/4) Lair:3        Slime (0/5) Lair:5
    Orc (2/2) D:10            Elf (0/3) Orc:2        Vaults (0/5) D:14
 Depths (0/4) D:15         Bailey (visited)         Gauntlet (visited)

Altars:
Hepliaklqana
Okawaru
Qazlal
Ru
Trog
Xom
Yredelemnul
Jiyva

Shops:
D:1 *   D:2 =   D:4 [   D:8 **(   D:12 *   Orc:2 [[[(

Annotations:
Snake:2 Vashnia


Innate Abilities, Weirdness & Mutations

You are surrounded by a moderate repulsion field. (EV +3)
You regenerate a lot of health from kills.
You are mostly covered in sharp spines.
You punish those that try to bend your will. (Will+)
You have a sharp stinger which inflicts weakening toxins.


Message History

The naga sharpshooter magically shoots an arrow.
The arrow hits you! The arrow burns you!
Vashnia casts a spell.
Vashnia magically shoots an arrow.
The arrow hits you!! The arrow freezes you.
* * * LOW HITPOINT WARNING * * *
Unknown command.
Aiming: Bind Soul (10% risk of failure)
Press: ? - help, Dir - move target, f - Vashnia
Aim: Vashnia, wielding a +1 longbow of freezing and wearing a +1 barding of fire resistance Vashnia's soul is now ripe for the taking.
Yredelemnul accepts your bounty of souls!
You can no longer bind living souls.
You can no longer trade souls for undead servants.
Vashnia shoots an arrow.
The arrow hits you!!
* * * LOW HITPOINT WARNING * * *
The arrow freezes you.
* * * LOW HITPOINT WARNING * * *
You feel much better.
Vashnia mumbles some strange words.
Vashnia magically shoots an arrow.
The arrow hits you!
* * * LOW HITPOINT WARNING * * *
The arrow freezes you.
* * * LOW HITPOINT WARNING * * *
Unknown command.
Okay, then.
Unknown command.
Unknown command.
Unknown command.
Okay, then.
Unknown command.
Okay, then.
Okay, then.
Okay, then.
As you read the scroll labelled PESMUU QADEUHUL, it crumbles to dust.
Wisps of shadow whirl around you...
It was a scroll of summoning.
The naga sharpshooter mumbles some strange words.
The naga sharpshooter magically shoots an arrow.
The arrow hits you!
You die...
Your body rises from the dead as a mindless zombie.

.......## ........#
....... ...!....##
....... #........##
....... ##........###
N...... ##.........##
##.......
##.........###S.S.N...
##(........##.NN.....
##......Z..#@N..N...
##......).NZN......
##.....).N.(N.....
##....)#...N.....
##..N###########
#...### ##....#
##..........
##.........


You could see Vashnia (possessable, ally target), a naga sharpshooter (ally
target), 3 friendly salamanders, a friendly guardian serpent (summoned), a
friendly bound death knight, a friendly black mamba (summoned), 2 friendly naga
magi and 5 friendly nagas.

Vanquished Creatures
  A stone giant (D:15)
  Azrael (D:15)
  A minotaur (Gauntlet)
  An ettin (Orc:1)
  Josephine (Orc:1)
  A fire dragon (Lair:5)
  A vault guard (D:14)
  4 hydras
  3 boulder beetles
  An ogre mage (D:15)
  A catoblepas (D:14)
  2 centaur warriors
  An anaconda (Snake:1)
  7 two-headed ogres
  3 tengu warriors (D:15)
  Urug (Orc:2)
  3 death yaks (Lair:4)
  3 naga sharpshooters
  An orc high priest (Orc:2)
  A fire crab (Lair:5)
  2 skeletal warriors (D:14)
  2 orc knights (Orc:2)
  2 phantasmal warriors (D:14)
  3 wizards
  A deep elf pyromancer (D:14)
  A mana viper (Snake:2)
  2 orc sorcerers
  3 cyclopes
  An oklob plant (Lair:3)
  A moth of wrath (Gauntlet)
  11 ugly things
  3 manticores
  A salamander (shapeshifter) (D:8)
  2 guardian serpents
  A guardian serpent (shapeshifter) (D:15)
  4 elephants
  A salamander (Snake:1)
  3 naga magi (Snake:1)
  4 molten gargoyles
  2 torpor snails
  5 gargoyles
  7 black mambas
  4 cane toads
  5 rime drakes
  Psyche (D:10)
  A komodo dragon (shapeshifter) (D:15)
  10 komodo dragons
  2 freezing wraiths (D:14)
  3 tengu conjurers (D:15)
  6 kobold demonologists
  4 trolls
  2 meliai (D:15)
  4 hornets (D:12)
  4 polar bears
  5 slime creatures
  10 blink frogs
  2 vampires
  2 shadows
  5 wyverns
  A centaur simulacrum (D:14)
  A yak (shapeshifter) (D:14)
  41 yaks
  2 fire bats (Gauntlet)
  A human (shapeshifter) (D:13)
  4 basilisks
  2 fire elementals (D:15)
  6 humans (D:14)
  4 wraiths (Orc:1)
  8 hogs
  11 vampire mosquitoes
  A steam dragon (Lair:5)
  7 redbacks (D:14)
  Grum (D:8)
  A warg (Orc:2)
  5 nagas (Snake:1)
  12 water moccasins
  6 hell hounds
  A floating eye (D:12)
  33 orc warriors
  4 ice beasts
  2 sky beasts (D:7)
  A black bear (Lair:2)
  3 ogres
  19 wolves
  9 centaurs
  2 phantoms
  5 kobold brigands
  2 scorpions (D:5)
  8 bullfrogs
  A gnoll sergeant (D:12)
  4 wights (D:8)
  An elephant simulacrum (Lair:1)
  7 killer bees
  2 howler monkeys
  7 electric eels
  6 lava snakes
  4 hounds
  10 jellies
  22 orc priests
  A gnoll bouda (Orc:1)
  2 iguanas (D:6)
  30 orc wizards
  A polar bear simulacrum (Lair:1)
  A human simulacrum (D:9)
  14 gnolls
  10 adders
  3 shadow imps (Gauntlet)
  4 white imps
  2 worms
  4 dart slugs
  99 orcs
  8 ball pythons
  2 bats
  7 endoplasms
  6 giant cockroaches
  8 goblins
  11 hobgoblins
  3 jackals (D:1)
  11 kobolds
  5 quokkas
  2 frilled lizards
  5 rats
676 creatures vanquished.

Vanquished Creatures (collateral kills)
  Saint Roka (Orc:2)
  Snorg (Lair:4)
  4 two-headed ogres
  2 vault guards (D:14)
  A hydra (D:11)
  A death yak (Lair:1)
  A shock serpent (Snake:1)
  4 naga sharpshooters
  3 skeletal warriors (D:14)
  A naga ritualist (Snake:1)
  2 orc knights
  A mana viper (Snake:1)
  2 orc sorcerers
  6 ugly things
  A cyclops (D:13)
  6 elephants
  4 black mambas
  A cane toad (Lair:5)
  2 rime drakes
  2 komodo dragons (Lair:5)
  A meliai (D:15)
  A troll (Orc:2)
  2 polar bears (Lair:1)
  A queen bee (shapeshifter) (D:13)
  A hornet (D:12)
  2 slime creatures (D:14)
  10 blink frogs
  A dire elephant simulacrum (Lair:1)
  2 wyverns (Lair:5)
  A shadow (D:11)
  10 yaks
  A culicivora (shapeshifter) (D:15)
  6 hogs
  3 basilisks (Lair:5)
  A wraith (Orc:1)
  2 humans (D:14)
  A steam dragon (Lair:5)
  A redback (D:14)
  2 nagas
  3 water moccasins
  A floating eye (D:12)
  2 hell hounds (Lair:5)
  9 orc warriors
  7 wolves
  2 centaurs
  A kobold brigand (D:10)
  4 bullfrogs
  A two-headed ogre simulacrum (Lair:1)
  A wight (D:8)
  2 killer bees
  2 electric eels
  2 lava snakes (Lair:3)
  3 orc priests
  3 jellies
  3 orc wizards
  4 gnolls
  2 adders
  A white imp (D:6)
  A dart slug (D:5)
  21 orcs
  3 endoplasms
  A giant cockroach (D:2)
  2 goblins
  A hobgoblin (Bailey)
  2 kobolds
  An orc zombie (Orc:1)
180 creatures vanquished.

Vanquished Creatures (others)
  A spectral human (D:14)
  3 redback zombies (D:14)
  A hydra zombie (Lair:5)
  A culicivora zombie (D:15)
  A guardian serpent zombie (D:15)
  An ugly thing zombie (D:15)
  A meliai zombie (D:15)
  A black mamba zombie (Lair:5)
  3 slime creature zombies (D:14)
  A spectral troll (Lair:1)
  A two-headed ogre zombie (D:8)
  A fire bat zombie (Gauntlet)
  A cane toad zombie (Lair:5)
  A hornet zombie (D:12)
  4 blink frog zombies (Lair:5)
  2 elephant zombies
  A torpor snail zombie (Lair:5)
  6 vampire mosquito zombies
  2 rime drake zombies
  5 hog zombies
  A komodo dragon zombie (Lair:5)
  5 water moccasin zombies
  A cyclops zombie (D:12)
  A hell hound zombie (Lair:5)
  3 wyvern zombies
  9 yak zombies
  A tengu zombie (D:15)
  An electric eel (Lair:3)
  3 wolf zombies
  3 bullfrog zombies
  A basilisk zombie (Lair:5)
  5 centaur zombies
  3 human zombies (D:14)
  An orc priest (D:8)
  An ogre zombie (Orc:2)
  A human simulacrum (D:9)
  A spectral howler monkey (D:9)
  2 spectral electric eels (Lair:3)
  3 gnoll zombies
  A steam dragon zombie (Lair:5)
  An adder zombie (D:5)
  7 jelly zombies (Lair:5)
  A lava snake zombie (Lair:5)
  A ball python zombie (D:3)
  2 endoplasm zombies (Lair:5)
  3 goblin zombies (Bailey)
  2 hobgoblin zombies (Bailey)
  6 kobold zombies
  53 orc zombies
  A rat zombie (D:3)
  50 fungi
  56 plants
268 creatures vanquished.

Grand Total: 1124 creatures vanquished

Notes
Turn   | Place    | Note
-------+----------+-------------------------------------------
     0 | D:1      | Turgor the Demonspawn Gladiator began the quest for the
                  | Orb.
     0 | D:1      | Reached XP level 1. HP: 16/16 MP: 1/1
    53 | D:1      | Found Jowekav's General Store.
   391 | D:1      | Gained mutation: You have a small tail. [demonic ancestry]
   391 | D:1      | Reached XP level 2. HP: 20/22 MP: 2/2
   568 | D:1      | Reached skill level 3 in Axes
   726 | D:1      | Found a faded altar of an unknown god.
   731 | D:1      | Prayed at the altar of an unknown god.
   731 | D:1      | Became a worshipper of Yredelemnul the Dark
   731 | D:1      | Reached * piety under Yredelemnul
  1448 | D:2      | Gained mutation: You are surrounded by a mild repulsion
                  | field. (EV +2) [demonic ancestry]
  1448 | D:2      | Reached XP level 3. HP: 27/27 MP: 3/3
  1492 | D:2      | Reached skill level 1 in Armour
  1624 | D:2      | Found Idghink's Jewellery Boutique.
  1626 | D:2      | Found a sacrificial altar of Ru.
  2359 | D:1      | Bought a scroll of identify for 26 gold pieces
  2436 | D:3      | Reached XP level 4. HP: 31/34 MP: 4/4
  2546 | D:3      | Noticed a water moccasin
  2556 | D:3      | Killed a water moccasin
  2557 | D:3      | Reached skill level 4 in Axes
  2557 | D:3      | Gained mutation: You have a tail ending in a sharp stinger.
                  | [demonic ancestry]
  2557 | D:3      | Reached XP level 5. HP: 28/41 MP: 5/5
  2845 | D:3      | Reached ** piety under Yredelemnul
  3441 | D:3      | Reached *** piety under Yredelemnul
  3502 | D:4      | Identified the +4 quarterstaff of Agony {drain, *Noise
                  | Int+4}
  3519 | D:4      | Reached XP level 6. HP: 35/47 MP: 6/6
  3698 | D:4      | Found Nal Cola's Antique Armour Shoppe.
  3728 | D:4      | Found a staircase to the Ecumenical Temple.
  3753 | D:4      | Reached skill level 1 in Invocations
  4209 | D:5      | Entered Level 5 of the Dungeon
  4285 | D:5      | Found a bloodstained altar of Trog.
  4370 | D:5      | Reached skill level 5 in Axes
  4370 | D:5      | Gained mutation: You regenerate a little health from kills.
                  | [demonic ancestry]
  4370 | D:5      | Reached XP level 7. HP: 51/53 MP: 8/8
  4504 | D:5      | Found an iron altar of Okawaru.
  5207 | D:6      | Reached XP level 8. HP: 60/60 MP: 10/10
  5473 | D:6      | Found a stormy altar of Qazlal.
  5496 | D:6      | Reached skill level 6 in Axes
  6227 | D:7      | Reached skill level 5 in Dodging
  6348 | D:7      | Reached skill level 5 in Fighting
  6491 | D:8      | Reached skill level 5 in Invocations
  6644 | D:8      | Reached skill level 7 in Axes
  6644 | D:8      | Gained mutation: You have a sharp stinger which inflicts
                  | weakening toxins. [demonic ancestry]
  6644 | D:8      | Reached XP level 9. HP: 54/68 MP: 12/12
  6733 | D:8      | Found Kischefeo's Assorted Antiques.
  6736 | D:8      | Noticed a two-headed ogre
  6741 | D:8      | Killed a two-headed ogre
  6781 | D:8      | Bought a clear potion for 22 gold pieces
  6781 | D:8      | Bought a smoking battleaxe for 287 gold pieces
  6781 | D:8      | Identified the +6 battleaxe of Infection {vamp, Int+3} (You
                  | bought it in a shop on level 8 of the Dungeon)
  6785 | D:8      | Learned a level 2 spell: Poisonous Vapours
  7009 | D:8      | Found Ynanefe's Antique Weapon Emporium.
  7142 | D:8      | Noticed a salamander
  7147 | D:8      | Killed a salamander
  7148 | D:8      | Reached skill level 8 in Axes
  7148 | D:8      | Reached skill level 5 in Armour
  7305 | D:8      | Noticed a cyclops
  7312 | D:8      | Killed a cyclops
  7371 | D:8      | Noticed Grum
  7379 | D:8      | Gained mutation: You are surrounded by a moderate repulsion
                  | field. (EV +3) [demonic ancestry]
  7379 | D:8      | Reached XP level 10. HP: 38/76 MP: 14/14
  7386 | D:8      | Killed Grum
  7394 | D:8      | Your ally Grum died
  7398 | D:8      | Reached **** piety under Yredelemnul
  7400 | D:8      | Reached skill level 9 in Axes
  7404 | D:8      | Reached ***** piety under Yredelemnul
  7412 | D:8      | Found Yntiol's Assorted Antiques.
  7425 | D:8      | Bought a purple potion for 23 gold pieces
  7685 | D:9      | Noticed a soul eater
  7686 | D:9      | Noticed an orange demon
  7772 | D:9      | You fall into a shaft and drop 3 floors!
  7779 | D:12     | Found Jepepeakh's Blood Bar.
  7847 | D:11     | Found a gate leading to a gauntlet.
  7856 | Gauntlet | Entered a Gauntlet
  7856 | Gauntlet | Found a transporter.
  7856 | Gauntlet | Found a transporter.
  7857 | Gauntlet | Noticed a smoke demon
  7858 | Gauntlet | Found a transporter.
  7858 | Gauntlet | Noticed a moth of wrath
  7861 | Gauntlet | Found a transporter.
  7863 | Gauntlet | Found a transporter.
  7864 | Gauntlet | Found the ring of the Tortoise {AC+8}
  7880 | Gauntlet | Found a transporter.
  7892 | Gauntlet | Found a transporter.
  7906 | Gauntlet | Noticed a torpor snail
  7907 | Gauntlet | Noticed an elephant
  7908 | Gauntlet | Noticed an elephant
  7909 | Gauntlet | Noticed an elephant
  7913 | Gauntlet | Found a transporter.
  7914 | Gauntlet | Found a transporter.
  7914 | Gauntlet | Found a transporter.
  7916 | Gauntlet | Noticed a death yak
  7918 | Gauntlet | Noticed a death yak
  7918 | Gauntlet | Noticed a death yak
  7919 | Gauntlet | Noticed a death yak
  7919 | Gauntlet | Noticed a death yak
  7926 | Gauntlet | Noticed a death yak
  7928 | Gauntlet | Noticed a torpor snail
  7929 | Gauntlet | Found a transporter.
  7942 | Gauntlet | Noticed a wizard
  7943 | Gauntlet | Noticed a wizard
  7945 | Gauntlet | Found a transporter.
  7955 | Gauntlet | Found a transporter.
  7955 | Gauntlet | Noticed a green death
  7969 | Gauntlet | Found a transporter.
  8023 | Gauntlet | Killed a moth of wrath
  8069 | Gauntlet | Killed an elephant
  8076 | Gauntlet | Killed an elephant
  8077 | Gauntlet | Reached skill level 10 in Axes
  8077 | Gauntlet | Killed a torpor snail
  8080 | Gauntlet | Noticed a wizard
  8098 | Gauntlet | Killed a wizard
  8102 | Gauntlet | Killed a wizard
  8103 | Gauntlet | Gained mutation: You regenerate health from kills. [demonic
                  | ancestry]
  8103 | Gauntlet | Reached XP level 11. HP: 86/86 MP: 15/17
  8125 | Gauntlet | Identified the ring "Qaleecar" {rPois MP+9 SInv}
  8155 | Gauntlet | Identified the +3 falchion of Winter {vamp, Fly rC+ Int+4
                  | Dex+4}
  8155 | Gauntlet | Noticed a minotaur
  8176 | Gauntlet | Killed a minotaur
  8537 | D:11     | Noticed a two-headed ogre
  8547 | D:11     | Killed a two-headed ogre
  8571 | D:11     | HP: 3/86 [vampire/vampiric draining (21)]
  8802 | D:10     | Entered Level 10 of the Dungeon
  8867 | D:10     | Found a shimmering altar of Xom.
  8875 | D:10     | Reached skill level 11 in Axes
  8915 | D:10     | Found a staircase to the Orcish Mines.
  9076 | D:10     | Noticed Psyche
  9083 | D:10     | Killed Psyche
  9122 | D:10     | Found a flagged portal.
  9139 | Bailey   | Entered a bailey
  9323 | Bailey   | Noticed an orc sorcerer
  9334 | Bailey   | Killed an orc sorcerer
  9371 | Bailey   | Noticed an orc knight
  9384 | Bailey   | Killed an orc knight
  9457 | Bailey   | Found an iron altar of Okawaru.
  9581 | D:10     | Reached skill level 12 in Axes
  9591 | D:10     | Acquired the ring "Tuckasabb" {rC+ rN+ Dex+6}
  9652 | D:10     | Found a staircase to the Lair.
  9709 | D:10     | Reached ****** piety under Yredelemnul
  9710 | D:10     | Gained mutation: You regenerate a lot of health from kills.
                  | [demonic ancestry]
  9710 | D:10     | Reached XP level 12. HP: 96/96 MP: 18/18
 10209 | D:1      | Bought 2 scrolls of identify for 52 gold pieces
 10345 | D:8      | Bought a blackened ivory wand for 100 gold pieces
 10345 | D:8      | Bought a scroll labelled JOGASSYJICAPT for 25 gold pieces
 10608 | D:9      | Identified the +2 ring mail of Nutui {Dex+5}
 11181 | D:11     | Noticed a seven-headed hydra
 11190 | D:11     | Killed a seven-headed hydra
 11325 | D:11     | Reached skill level 10 in Invocations
 11449 | D:12     | Noticed a four-headed hydra
 11463 | D:11     | Killed a 13-headed hydra
 12395 | D:12     | Reached skill level 10 in Fighting
 12546 | D:12     | Reached skill level 13 in Axes
 12554 | D:12     | Paralysed by a hornet for 3 turns
 12559 | D:12     | Paralysed by a floating eye for 3 turns
 12605 | D:12     | Noticed a two-headed ogre
 12612 | D:12     | Killed a two-headed ogre
 12917 | D:12     | Noticed a four-headed hydra
 12933 | D:12     | Killed a 14-headed hydra
 13379 | Lair:1   | Entered Level 1 of the Lair of Beasts
 13429 | Lair:1   | Gained mutation: You are partially covered in sharp spines.
                  | [demonic ancestry]
 13429 | Lair:1   | Reached XP level 13. HP: 95/103 MP: 21/21
 13880 | Lair:1   | Identified the +6 hand axe "Pouhengiju" {elec, +Blink rElec
                  | rC+ Str-3}
 14408 | Lair:2   | You fall into a shaft and drop 1 floor!
 14421 | Lair:3   | Found a staircase to the Snake Pit.
 14790 | Lair:2   | Noticed Harold
 14796 | Lair:3   | Found a staircase to the Swamp.
 15824 | Lair:2   | Learned a level 2 spell: Blink
 16550 | Lair:2   | Killed Harold
 16550 | Lair:2   | Enslaved Harold
 16682 | Lair:4   | Learned a level 5 spell: Manifold Assault
 16697 | Lair:4   | Reached skill level 14 in Axes
 16716 | Lair:4   | Reached skill level 5 in Throwing
 16728 | Lair:4   | Reached skill level 1 in Translocations
 16758 | Lair:4   | Identified the +3 trident of the Establishment {freeze,
                  | rPois Str-3 Int+8 Dex-3}
 16764 | Lair:4   | Reached skill level 1 in Spellcasting
 17162 | Lair:4   | Noticed Snorg
 17163 | Lair:4   | Noticed Kirke
 17174 | Lair:4   | Killed Snorg
 17175 | Lair:4   | Killed Kirke
 17175 | Lair:4   | Enslaved Kirke
 17620 | Lair:5   | Entered Level 5 of the Lair of Beasts
 17643 | Lair:5   | Gained mutation: You are mostly covered in sharp spines.
                  | [demonic ancestry]
 17643 | Lair:5   | Reached XP level 14. HP: 111/111 MP: 22/22
 17746 | Lair:5   | Found a viscous altar of Jiyva.
 18201 | Lair:5   | Found a large runed translucent door.
 18202 | Lair:5   | Found a large runed translucent door.
 18230 | Lair:5   | Identified the +0 cloak "Emiux" {Rampage +Inv Dex-2 Stlth+}
 18338 | Lair:5   | Found a staircase to the Slime Pits.
 18993 | Orc:1    | Entered Level 1 of the Orcish Mines
 18996 | Orc:1    | Noticed Josephine
 19005 | Orc:1    | Killed Josephine
 19261 | Orc:2    | Entered Level 2 of the Orcish Mines
 19321 | Orc:2    | Noticed Saint Roka
 19339 | Orc:2    | Found Wiuraup's Antique Armour Shop.
 19369 | Orc:2    | Killed Saint Roka
 19370 | Orc:2    | Reached skill level 5 in Spellcasting
 19430 | Orc:2    | Found Noxumn's Antique Weapon Boutique.
 19764 | Orc:2    | Reached skill level 5 in Translocations
 19816 | Orc:2    | Found a staircase to the Elven Halls.
 19914 | Orc:2    | Found Wymagatz's Armour Shop.
 19974 | Orc:2    | Noticed Urug
 19977 | Orc:2    | Killed Urug
 19987 | Orc:2    | Found Keisil's Antique Armour Emporium.
 20232 | Orc:2    | Reached XP level 15. HP: 55/119 MP: 24/24
 20629 | Orc:2    | Bought a pair of twisted boots for 332 gold pieces
 20629 | Orc:2    | Identified the +0 pair of boots of the Ward {Dex+4} (You
                  | bought it in a shop on level 2 of the Orcish Mines)
 20780 | D:12     | Bought the Secrets of Black Magic for 984 gold pieces
 20789 | D:12     | Learned a level 8 spell: Infestation
 21113 | D:13     | Reached skill level 15 in Axes
 21620 | D:13     | Reached skill level 1 in Necromancy
 21820 | D:14     | Your ally Kirke died
 22326 | D:14     | Found a gate to the Vaults.
 23531 | D:15     | Entered Level 15 of the Dungeon
 23972 | D:15     | Found a faded altar of an unknown god.
 23972 | D:15     | Found a hazy altar of Hepliaklqana.
 23972 | D:15     | Found a faded altar of an unknown god.
 23972 | D:15     | Noticed Azrael
 23983 | D:15     | Killed Azrael
 24167 | D:15     | Found a staircase to the Depths.
 24177 | D:15     | Gained mutation: You punish those that try to bend your
                  | will. (Will+) [demonic ancestry]
 24177 | D:15     | Reached XP level 16. HP: 61/127 MP: 26/26
 24488 | Lair:1   | Upgraded the game from 0.29-a0-876-gfc89b1a5bd to
                  | 0.29-a0-885-gb26ba3297d
 24535 | Snake:1  | Entered Level 1 of the Snake Pit
 25749 | Snake:2  | Noticed Vashnia
 25771 | Snake:2  | HP: 4/127 [Vashnia/arrow (6)]
 25773 | Snake:2  | Shot with an arrow by a naga sharpshooter

Illustrated notes

Levels and vault maps discovered:
D:1:      eino_arrival_cavern_b, layout_basic, serial_shops,
          nicolae_shop_advertising_works [nicolae_subvault_shop_adworks],
          basic_ecumenical_altar, nicolae_hexahallways
D:2:      layout_basic, serial_shops, shop_fountains, basic_altar,
          minmay_misc_feat_rows
D:3:      layout_basic
D:4:      layout_rooms, minmay_temple_entry_hall, serial_shops, shop
D:5:      layout_gridville, mainiacjoe_overflow_catwalk, old_standard_altar,
          kennysheep_small_square
D:6:      layout_rooms, nicolae_qazlal_scattered_showers, st_stairs_1,
          nicolae_eternal_life, hangedman_decor_clover_reticule, nrook_uturn,
          minmay_misc_feat_five, minmay_misc_feat_iff
D:7:      layout_basic
D:8:      layout_rooms, serial_shops, kennysheep_little_box, shop,
          shop_fountains, grunt_decor_resistance, minmay_three_doors, uniq_grum
D:9:      layout_rooms, chequers_serial_rivers_small_3, bh_circular_ruins
D:10:     layout_irregular_city, mainiacjoe_overflow_alcove_1, zin_academy,
          david_orc_4, enter_bailey_5, uniq_psyche
D:11:     layout_cave_pools, gauntlet_entry_generic
D:12:     hellmonk_paralyzer, layout_rooms, chequers_big_river,
          guppyfry_shop_blood
D:13:     layout_gridville
D:14:     minmay_goldmine, layout_gridville, ximxim_vaults_locker_room,
          roderic_lattice_a, drop_trap
D:15:     grunt_enter_depths_snipers, layout_irregular_city,
          nicolae_hepliaklqana_ecumenical_no_more, uniq_azrael
Lair:1:   dreamdust_isle_of_ice, layout_long_grid, beast_lair_carwin_1,
          infiniplex_staircase_pool
Lair:2:   layout_cave_pods, grunt_megastairs_3, uniq_harold
Lair:3:   layout_chaotic_city, swamp_mist_pool, minmay_snake_entry_spellcaster,
          nicolae_lair_liquid_snakes
Lair:4:   layout_gridlike, grunt_megastairs_2, uniq_snorg, uniq_kirke
Lair:5:   cheibrodos_lair_end_hotspot, layout_hall_layers,
          minmay_slime_entry_jelly_boxes
Snake:1:  layout_onion
Snake:2:  layout_onion, hellmonk_guarded_unrand_salamander, grunt_megastairs_5,
          serial_bayou_shore_b, uniq_vashnia
Orc:1:    layout_diamond_mine, uniq_josephine
Orc:2:    grunt_orc_community_town_hall, layout_caves,
          grunt_orc_community_big_house_2, grunt_orc_community_big_house_1,
          grunt_orc_community_house_1, grunt_orc_community_house_3,
          grunt_orc_community_house_1, grunt_orc_community_house_2,
          grunt_orc_community_house_2, grunt_orc_community_house_2,
          nicolae_orc_bridge_out, nicolae_orc_lava_room, uniq_urug

Skill      XL: |  1  2  3  4  5  6  7  8  9 10 11 12 13 14 15 |
---------------+----------------------------------------------+-----
Axes           | 3 4 5 7 8 10 12 13 14 15 | 15.8
Throwing       | 2 3 5 6 |  6.0
Dodging        | 3 4 5 6 7 8 9 |  9.6
Armour         | 1 2 3 4 5 6 7 8 9 |  9.5
Fighting       | 3 4 5 6 7 9 10 11 12 | 12.2
Invocations    | 2 3 5 6 8 9 10 11 12 | 12.0
Translocations | 2 5 7 |  7.7
Spellcasting   | 2 5 7 |  7.7
Necromancy     | 3 |  3.9

Action                   |  1- 3 |  4- 6 |  7- 9 | 10-12 | 13-15 | 16-18 || total
-------------------------+-------+-------+-------+-------+-------+-------++-------
Melee: War axe           |    87 |   115 |   142 |       |       |       ||   344
       Tailslap          |     7 |    18 |    28 |    66 |   178 |    15 ||   312
       Punch             |     1 |     1 |     2 |       |       |       ||     4
       Battleaxe         |       |       |    18 |   446 |   829 |    63 ||  1356
Throw: Throwing net      |       |     1 |       |       |       |       ||     1
       Dart              |       |       |       |       |     3 |       ||     3
Invok: Recall Undead Har |     3 |     1 |       |     5 |    13 |     5 ||    27
       Dark Bargain      |       |       |       |     6 |     4 |       ||    10
       Bind Soul         |       |       |       |     1 |     5 |     1 ||     7
Evoke: Wand              |       |       |     5 |    27 |     9 |       ||    41
       Phantom mirror    |       |       |       |       |     1 |       ||     1
  Use: Scroll            |     1 |     2 |     4 |     9 |     9 |     2 ||    27
       Potion            |       |       |       |     8 |       |     2 ||    10
 Stab: Sleeping          |     1 |     1 |       |       |       |       ||     2
       Distracted        |     1 |       |     1 |     4 |    35 |     1 ||    42
       Invisible         |       |       |     2 |     5 |     1 |       ||     8
       Held in net/web   |       |       |       |       |     1 |       ||     1
Armor: Leather armour    |    32 |     5 |       |       |       |       ||    37
       Scale mail        |       |    19 |    64 |   235 |   147 |       ||   465
       Chain mail        |       |       |       |       |   115 |    39 ||   154
Dodge: Dodged            |    63 |    67 |    86 |   517 |   586 |    48 ||  1367
Block: Other             |     4 |    24 |    42 |       |       |       ||    70
       Reflection        |       |       |     1 |       |       |       ||     1

Table legend: (Time is in decaauts)
 A = Elapsed time spent in this place.
 B = Non-inter-level travel time spent in this place.
 C = Inter-level travel time spent in this place.
 D = Time resting spent in this place.
 E = Time spent auto-exploring this place.
 F = Levels seen in this place.
 G = Mean time per level.
                   A        B        C        D        E       F      G
               +--------+--------+--------+--------+--------+-----+--------+
         Total |  25906 |  24081 |   1825 |   1935 |  15502 |  26 |  996.4 |
       Dungeon |  16622 |  15464 |   1158 |   1563 |  10504 |  15 | 1108.1 |
          Lair |   5629 |   5138 |    491 |    372 |   2942 |   5 | 1125.8 |
     Snake Pit |   1233 |   1196 |     37 |      0 |    936 |   2 |  616.5 |
  Orcish Mines |   1685 |   1547 |    138 |      0 |   1119 |   2 |  842.5 |
        Bailey |    403 |    403 |      0 |      0 |      0 |   1 |  403.0 |
      Gauntlet |    332 |    332 |      0 |      0 |      0 |   1 |  332.0 |
               +--------+--------+--------+--------+--------+-----+--------+

Top non-repeatable levels by time:
    D:14: 1823 daAuts
    D:11: 1699 daAuts
    D:12: 1504 daAuts
     D:1: 1406 daAuts
  Lair:3: 1396 daAuts
   Orc:2: 1278 daAuts
     D:8: 1265 daAuts
  Lair:2: 1248 daAuts
  Lair:5: 1230 daAuts
     D:2: 1127 daAuts
     D:3: 1122 daAuts
 Snake:1: 1011 daAuts
    D:10: 1003 daAuts
     D:6: 967 daAuts
  Lair:4: 962 daAuts
